 Dungeon Crawl Stone Soup version 0.31-a0-210-gccc998df9b (webtiles) character file.

Game seed: 7097445769106636053

1054 qw the Skirmisher (level 8, 0/49 HPs)
             Began as a Gargoyle Hexslinger on June 30, 2023.
             Slain by Maggie
             ... wielding a +2 glaive of flaming
              (17 damage)
             ... on level 6 of the Dungeon.
             The game lasted 00:01:37 (3455 turns).

qw the Skirmisher (Gargoyle Hexslinger)             Turns: 3455, Time: 00:01:38

Health: 0/49       AC: 13    Str: 12    XL:     8   Next: 26%
Magic:  9/9        EV: 10    Int: 14    God:
Gold:   199        SH:  5    Dex: 14    Spells: 8/9 levels left

rFire   + . .        Y - +2 sling
rCold   . . .        (no shield)
rNeg    + . .        n - +1 ring mail {rF+}
rPois   inf          (no helmet)
rElec   +            h - +1 cloak
rCorr   .            (no gloves)
SInv    +            (no boots)
Will    .....        o - amulet of reflection
Stlth   +            k - ring of see invisible
HPRegen 0.28/turn    (no ring)
MPRegen 0.11/turn

%: reflection
@: mesmerised
A: sickness immunity, AC +5, negative energy resistance 1, electricity
resistance, torment resistance 1, petrification resistance
a: no special abilities


You were on level 6 of the Dungeon.
You visited 1 branch of the dungeon, and saw 7 of its levels.

You collected 199 gold pieces.


Innate Abilities, Weirdness & Mutations

You are immune to sickness and miasma.
Your stone body is resilient. (AC +5)
You are immune to poison.
You resist negative energy. (rN+)
You are resistant to electric shocks. (rElec)
You are resistant to unholy torment.
You are immune to petrification.


   Skills:
 - Level 5.1 Fighting
 - Level 8.3 Ranged Weapons
 + Level 1.0 Armour
 - Level 1.5 Dodging
 - Level 1.0 Spellcasting
 - Level 2.6 Hexes


You had 8 spell levels left.
You knew the following spells:

 Your Spells              Type           Power      Damage    Failure   Level
a - Slow                  Hex            32%        N/A       21%         1

Your spell library contained the following spells:

 Spells                   Type           Power      Damage    Failure   Level
 Inner Flame              Hex/Fire       4%         N/A       71%         3
 Portal Projectile        Hex/Tloc       8%         N/A       71%         3
 Cause Fear               Hex            4%         N/A       89%         4

Inventory:

Hand Weapons
 Y - a +2 sling (weapon)
Armour
 h - a +1 cloak (worn)
 n - a +1 ring mail of fire resistance (worn)
Jewellery
 k - a ring of see invisible (left hand)
 o - an amulet of reflection (around neck)
Scrolls
 a - a scroll of identify
Potions
 b - a potion of haste
 c - a potion of resistance {unknown}
 d - a potion of mutation
 e - a potion of brilliance {unknown}
 f - a potion of berserk rage {unknown}

Dungeon Overview and Level Annotations

Branches:
Dungeon (7/15)
 Temple: D:4-7

Altars:
Yredelemnul
Lugonu

Portals:
Abyss: D:3

Annotations:
D:1 2 transporters
D:6 Maggie


Message History

The sling bullet completely misses the scorpion.
The sling bullet barely misses Maggie.
The scorpion closely misses you.
Maggie gestures wildly while chanting.
Maggie draws you further into her thrall.
You shoot a sling bullet.
The sling bullet hits the scorpion but does no damage.
The scorpion is moderately wounded.
The scorpion stings you. Maggie hits you but does no damage.
You shoot a sling bullet.
The sling bullet barely misses the scorpion.
The sling bullet hits Maggie but does no damage.
The scorpion stings you but does no damage.
Maggie gestures wildly while chanting.
Maggie draws you further into her thrall.
You block the scorpion's attack.
You shoot a sling bullet.
The sling bullet completely misses the scorpion.
The sling bullet closely misses Maggie.
Maggie hits you from afar with a +2 glaive of flaming!
Maggie burns you. The scorpion completely misses you.
You shoot a sling bullet. The sling bullet hits the scorpion!
The scorpion is severely wounded.
The scorpion stings you. Maggie barely misses you.
You shoot a sling bullet. The sling bullet hits the scorpion.
The scorpion is almost dead.
The scorpion barely misses you. Maggie barely misses you.
The scorpion stings you.
You shoot a sling bullet.
The sling bullet barely misses the scorpion.
The sling bullet hits Maggie.
Maggie is lightly wounded.
You block Maggie's attack.
The scorpion stings you but does no damage.
You shoot a sling bullet.
The sling bullet closely misses the scorpion.
The sling bullet hits Maggie.
Maggie is lightly wounded.
Maggie hits you from afar with a +2 glaive of flaming!
You die...

...#........
#..........
..$......
....... .. #.
$.$.. ... #.
[@. #.. #.
###s# #.##.
#..@#
#..#.###.###
#....#...#
#...###
#.##..#######
#....>.......
############.


You could see Maggie (mesmerising) and a scorpion.

Vanquished Creatures
  Sigmund (D:5)
  Edmund (D:4)
  2 black bears (D:4)
  A phantom (D:5)
  A scorpion (D:6)
  A howler monkey (D:4)
  3 hounds
  An orc priest (D:4)
  An iguana (D:5)
  3 orc wizards (D:4)
  4 gnolls (D:4)
  10 adders
  A worm (D:3)
  2 dart slugs
  12 orcs
  3 ball pythons
  3 bats
  8 endoplasms
  A giant cockroach (D:3)
  6 goblins
  7 hobgoblins
  6 kobolds
  5 quokkas
  3 frilled lizards
  6 rats
  A lurking horror (D:3)
93 creatures vanquished.

Vanquished Creatures (others)
  A lurking horror (D:3)
1 creature vanquished.

Grand Total: 94 creatures vanquished

Notes
Turn   | Place    | Note
-------+----------+-------------------------------------------
     0 | D:1      | qw the Gargoyle Hexslinger began the quest for the Orb.
     0 | D:1      | Reached XP level 1. HP: 12/12 MP: 2/2
     0 | D:1      | 0 ||| qw: Version: 0.3-a-24-ga2abf7b
     0 | D:1      | 0 ||| qw: Game counter: 7134
     0 | D:1      | 0 ||| qw: Melee chars always use a shield: true
     0 | D:1      | 0 ||| qw: God list: Okawaru
     0 | D:1      | 0 ||| qw: Allow faded altars: false
     0 | D:1      | 0 ||| qw: Do Orc after clearing Dungeon:15 true
     0 | D:1      | 0 ||| qw: Do second Lair branch before Depths: true
     0 | D:1      | 0 ||| qw: Lair rune preference: random
     0 | D:1      | 0 ||| qw: Goals: Normal
     0 | D:1      | 0 ||| PLANNING D:1-11
    61 | D:1      | Reached XP level 2. HP: 16/16 MP: 3/3
   110 | D:1      | Reached skill level 3 in Ranged Weapons
   114 | D:1      | HP: 4/16 [rat (2)]
   526 | D:1      | 526 ||| UPGRADING to +0 ring mail.
   536 | D:1      | 536 ||| DROPPING +0 robe.
   537 | D:1      | 537 ||| UPGRADING to amulet of regeneration.
   542 | D:1      | 542 ||| READING 2 scrolls labelled XAIMPEB YSAL.
   543 | D:1      | 543 ||| READING scroll labelled FAKAEH JAOXEOT.
   544 | D:1      | 544 ||| READING scroll labelled USTROI RUITALL.
   545 | D:1      | 545 ||| READING scroll labelled CUNTOSTR IHAITH.
   548 | D:1      | 548 ||| DROPPING scroll of poison.
   598 | D:2      | Reached XP level 3. HP: 8/22 MP: 4/4
   677 | D:2      | Found a basalt altar of Yredelemnul.
   934 | D:2      | Reached XP level 4. HP: 27/27 MP: 5/5
  1441 | D:2      | 1441 ||| UPGRADING to +0 cloak.
  1446 | D:2      | 1446 ||| UPGRADING to ring of see invisible.
  1447 | D:2      | 1447 ||| DROPPING ring of magical power.
  1448 | D:2      | 1448 ||| READING scroll labelled DECHA ULEH.
  1449 | D:2      | 1449 ||| READING scroll labelled BORHUI TETWIA.
  1450 | D:2      | 1450 ||| READING scroll labelled LOIBEG VYEMEJU.
  1454 | D:2      | 1454 ||| READING scroll labelled HEMAFA OHIN.
  1455 | D:2      | 1455 ||| DRINKING 2 smoky yellow potions.
  1456 | D:2      | 1456 ||| DRINKING 2 smoky cyan potions.
  1485 | D:2      | 1485 ||| READING 2 scrolls of identify.
  1485 | D:2      | 1485 ||| IDENTIFYING silvery potion
  1486 | D:2      | 1486 ||| DROPPING potion of invisibility.
  1487 | D:2      | 1487 ||| DROPPING potion of lignification.
  1719 | D:3      | Reached skill level 1 in Armour
  1812 | D:3      | Reached skill level 4 in Ranged Weapons
  1867 | D:3      | Reached XP level 5. HP: 31/31 MP: 6/6
  2034 | D:3      | Found a one-way gate to the infinite horrors of the Abyss.
  2036 | D:3      | Found a corrupted altar of Lugonu.
  2306 | D:3      | 2306 ||| READING 2 scrolls labelled REJIEL XEKA.
  2307 | D:3      | 2307 ||| READING 2 scrolls of identify.
  2307 | D:3      | 2307 ||| IDENTIFYING fizzy blue potion
  2308 | D:3      | 2308 ||| DROPPING scroll of amnesia.
  2351 | D:4      | 2351 ||| READING scroll of enchant armour.
  2351 | D:4      | 2351 ||| ENCHANTING +0 cloak.
  2358 | D:4      | Noticed a black bear
  2366 | D:4      | Reached skill level 5 in Ranged Weapons
  2374 | D:4      | Killed a black bear
  2375 | D:4      | Reached skill level 3 in Fighting
  2375 | D:4      | Reached XP level 6. HP: 23/38 MP: 7/7
  2410 | D:4      | 2410 ||| DRINKING potion of curing.
  2410 | D:4      | 2410 ||| (to cure confusion)
  2465 | D:4      | Noticed a black bear
  2472 | D:4      | Killed a black bear
  2473 | D:4      | Reached skill level 6 in Ranged Weapons
  2473 | D:4      | Reached XP level 7. HP: 41/42 MP: 8/8
  2963 | D:4      | Reached skill level 7 in Ranged Weapons
  3101 | D:4      | Noticed Edmund
  3128 | D:4      | HP: 10/43 [Edmund/+1 flail of holy wrath (9)]
  3129 | D:4      | 3129 ||| READING scroll of teleportation.
  3130 | D:4      | HP: 4/43 [Edmund/+1 flail of holy wrath (8)]
  3186 | D:4      | Killed Edmund
  3207 | D:4      | 3207 ||| UPGRADING to +1 ring mail of fire resistance.
  3217 | D:4      | 3217 ||| DROPPING +0 ring mail.
  3218 | D:4      | 3218 ||| UPGRADING to amulet of reflection.
  3228 | D:4      | 3228 ||| DROPPING amulet of regeneration.
  3229 | D:4      | 3229 ||| DROPPING ring of flight.
  3230 | D:4      | 3230 ||| READING scroll labelled LIAMEE TY FYNT.
  3231 | D:4      | 3231 ||| READING 2 scrolls of identify.
  3231 | D:4      | 3231 ||| IDENTIFYING grey potion
  3250 | D:5      | Entered Level 5 of the Dungeon
  3251 | D:5      | 3251 ||| PLANNING OSSUARY
  3336 | D:5      | Noticed Sigmund
  3347 | D:5      | Killed Sigmund
  3348 | D:5      | Reached skill level 8 in Ranged Weapons
  3348 | D:5      | Reached XP level 8. HP: 44/48 MP: 9/9
  3423 | D:5      | You fall into a shaft and drop 2 floors!
  3436 | D:6      | Noticed Maggie
  3455 | D:6      | Slain by Maggie

Levels and vault maps discovered:
D:1:      spicycebolla_arrival_transporter_tutorial, layout_rooms
D:2:      layout_basic, basic_altar
D:3:      layout_basic, serial_aquarium, aquarium_bridge_straight
          [aquarium_subvault_bridge, aquarium_subvault_balcony,
          aquarium_subvault_bridge, aquarium_subvault_wall],
          aquarium_window_corridor_3, aquarium_window_1, aquarium_view_2b,
          aquarium_view_2f, amcnicky_altar_lugonu_corruption
D:4:      layout_basic, uniq_edmund
D:5:      layout_loops_ring, nicolae_ossuary_entry_plus,
          grunt_decor_mini_mirrors, uniq_crazy_yiuf_cottage, uniq_pikel,
          uniq_sigmund, uniq_grinder
D:6:      layout_basic, lemuel_doored_altar, uniq_maggie, uniq_menkaure
D:7:      layout_rooms, mainiacjoe_overflow_catch_the_wave,
          minmay_temple_entry_statues_pillars, enter_bailey_2, serial_demonic,
          serial_demonic_g, serial_demonic_a, serial_demonic_g,
          serial_demonic_c, serial_demonic_a, serial_demonic_e, minivault_25,
          grunt_ogre_cave

Skill      XL: |  1  2  3  4  5  6  7  8 |
---------------+-------------------------+-----
Ranged Weapons | 3 4 5 6 8 |  8.3
Fighting       | 2 3 4 5 |  5.1
Armour         | 1 |  1.0
Dodging        | |  1.5
Spellcasting   | |  1.0
Hexes          | |  2.6

Action                     |  1- 3 |  4- 6 |  7- 9 || total
---------------------------+-------+-------+-------++-------
   Fire: Sling             |    95 |   147 |   165 ||   407
    Use: Scroll            |     4 |     8 |     3 ||    15
         Potion            |       |     3 |       ||     3
 Armour: Robe              |    10 |       |       ||    10
         Ring mail         |    14 |    72 |    33 ||   119
  Dodge: Dodged            |    39 |    64 |    48 ||   151
  Block: Other             |       |       |    15 ||    15
         Reflection        |       |       |     3 ||     3

Table legend:
 A = Non-vault XP
 B = Vault XP
 C = Vault XP percentage of total XP
 D = Non-vault monster count
 E = Vault monster count
 F = Vault count percentage of total count
                 A         B        C        D         E       F
            +---------+---------+-------+---------+---------+-------
      Total |    1130 |     376 |  25.0 |      90 |       2 |   2.2
            +---------+---------+-------+---------+---------+-------
        D:1 |      32 |       0 |   0.0 |      19 |       0 |   0.0
        D:2 |      72 |       0 |   0.0 |      15 |       0 |   0.0
        D:3 |     116 |       0 |   0.0 |      19 |       0 |   0.0
        D:4 |     658 |     162 |  19.8 |      29 |       1 |   3.3
        D:5 |     164 |     214 |  56.6 |       7 |       1 |  12.5
        D:6 |      88 |       0 |   0.0 |       1 |       0 |   0.0
            +---------+---------+-------+---------+---------+-------
